Map: Abyssal Reef LE

Players

Nerchio

  • Race: Zerg Zerg
  • Spawn Location: 11:00

soO - Winner!

  • Race: Zerg Zerg
  • Spawn Location: 5:00

Event: 2017 WCS Global Finals

VOD

Have the link to the VOD?

Description

Time

  • Played on: Oct. 27, 2017, 2:26 p.m.
  • Length: 7:51

All games in this series

Show
View Real Time Build Order
Export as new Build Order

Nerchio Zerg 

Build Orders: Hatch First 

Get SALT Encoding   

  12  0:00  Drone  
  13  0:12  Overlord  
  13  0:17  Drone  
  14  0:30  Drone x2  
  14  0:34  Drone  
  17  0:52  Hatchery  
  17  0:55  Drone  
  17  0:58  Drone  
  18  1:09  Extractor  
  17  1:14  Spawning Pool  
  17  1:16  Drone  
  17  1:20  Drone  
  18  1:28  Drone  
  19  1:38  Overlord  
  19  2:00  Queen  
  19  2:01  Zergling x4  
  23  2:04  Zergling x2  
  26  2:11  Zergling x2  
  27  2:21  Zergling x2  
  27  2:26  Drone  
  27  2:30  Drone  
  27  2:35  Metabolic Boost  
  24  2:58  Overlord  
  19  3:06  Zergling x2  
  19  3:07  Zergling x2  
  19  3:08  Zergling x2  
  22  3:13  Overlord  
  22  3:17  Zergling x2  
  22  3:18  Zergling x2  
  24  3:20  Queen  
  26  3:29  Zergling x2  
  26  3:36  Zergling x2  
  27  3:44  Hatchery  
  27  3:46  Zergling x2  
  27  3:57  Drone  
  28  4:07  Hatchery  
  28  4:08  Drone  
  28  4:11  Evolution Chamber  
  27  4:18  Drone  
  25  4:28  Drone x2  
  25  4:30  Drone  
  27  4:32  Drone  
  27  4:45  Zerg Ground Armor Level 1  
  26  4:49  Zergling x2  
  26  4:52  Queen  
  28  4:54  Zergling x2  
  28  4:58  Zergling x2  
  30  5:02  Zergling x2  
  31  5:08  Zergling x4  
  31  5:09  Zergling x2  
  31  5:13  Zergling x2  
  35  5:18  Zergling x4  
  35  5:21  Zergling x2  
  38  5:29  Zergling x4  
  38  5:33  Zergling x2  
  41  5:36  Zergling x4  
  43  5:43  Zergling x2  
  43  5:44  Zergling x2  
  43  5:45  Zergling x2  
  46  5:50  Zergling x2  
  46  5:52  Zergling x4  
  46  5:53  Zergling x2  
  46  6:00  Zergling x6  
  49  6:06  Overlord  
  49  6:09  Zergling x2  
  49  6:11  Zergling x2  
  45  6:13  Zergling x2  
  45  6:15  Zergling x2  
  45  6:18  Zergling x2  
  47  6:21  Zergling x2  
  47  6:24  Zergling x2  
  47  6:25  Zergling x2  
  50  6:28  Zergling x2  
  50  6:31  Zergling x2  
  50  6:33  Zergling x2  
  50  6:38  Unknown  
  50  6:40  Zergling x2  
  50  6:43  Zergling x2  
  50  6:45  Zergling x2  
  53  6:48  Zergling x2  
  53  6:49  Zergling x2  
  53  6:53  Zergling x2  
  56  6:55  Zergling x2  
  56  6:59  Overlord  
  57  7:04  Overlord  
  57  7:18  Zergling x10  
  57  7:19  Zergling x2  
  57  7:22  Zergling x2  
  64  7:24  Zergling x2  
  64  7:27  Zergling x2  
  64  7:29  Zergling x2  
  67  7:31  Zergling x2  
Show
View Real Time Build Order
Export as new Build Order

soO Zerg - Winner!

Build Orders: Pool First 

Get SALT Encoding   

  12  0:16  Spawning Pool  
  11  0:22  Drone  
  11  0:27  Drone  
  13  0:31  Drone  
  14  0:39  Overlord  
  14  1:03  Zergling x4  
  16  1:05  Zergling x2  
  17  1:15  Zergling x2  
  18  1:21  Hatchery  
  17  1:26  Zergling x2  
  18  1:34  Queen  
  18  1:38  Zergling x2  
  21  1:47  Overlord  
  21  2:00  Drone  
  22  2:09  Queen, Drone  
  25  2:26  Drone  
  25  2:33  Queen  
  25  2:36  Drone x2  
  29  2:42  Drone  
  30  2:45  Queen  
  30  2:47  Drone  
  30  2:49  Drone  
  34  2:52  Drone  
  34  2:55  Drone  
  34  2:58  Drone  
  35  3:03  Drone  
  35  3:09  Extractor, Drone  
  35  3:10  Extractor  
  34  3:15  Drone  
  34  3:16  Drone  
  36  3:22  Overlord  
  36  3:40  Drone x2  
  37  3:41  Drone x3  
  37  3:44  Drone  
  37  3:45  Drone  
  41  3:51  Overlord  
  41  3:52  Spine Crawler, Drone x2  
  41  3:54  Drone x2  
  44  4:03  Metabolic Boost  
  44  4:08  Overlord  
  44  4:12  Drone  
  45  4:17  Zergling x4  
  45  4:18  Zergling x2  
  45  4:22  Drone x2  
  49  4:26  Drone  
  49  4:29  Drone x2  
  51  4:32  Overlord  
  51  4:33  Drone x2  
  53  4:39  Lair  
  53  4:45  Zergling x4  
  55  4:56  Evolution Chamber, Zergling x2  
  55  4:57  Zergling x2  
  56  5:08  Zergling x4  
  56  5:09  Zergling x2  
  56  5:12  Hatchery  
  58  5:15  Drone x3  
  58  5:16  Extractor  
  58  5:20  Roach Warren, Drone x2  
  61  5:22  Zerg Missile Weapons Level 1  
  61  5:24  Zergling x4  
  61  5:26  Zergling x2  
  64  5:37  Overlord  
  64  5:41  Overseer  
  64  5:49  Overlord, Zergling x2  
  65  5:50  Zergling x6  
  66  5:59  Overlord  
  66  6:00  Glial Reconstitution  
  66  6:01  Roach  
  66  6:02  Roach x3  
  68  6:12  Roach x2  
  69  6:19  Roach x3  
  74  6:31  Roach x3  
  74  6:32  Roach x3  
  82  6:43  Roach x2  
  82  6:44  Roach  
  88  6:53  Roach x2  
  88  6:54  Roach x2  
  96  6:56  Overlord  
  96  7:00  Overlord  
  96  7:04  Overlord  
  96  7:06  Overlord  
  96  7:11  Drone  
  96  7:15  Roach x4  
  105  7:17  Overlord  
  105  7:21  Roach  
  105  7:22  Roach x2  
  111  7:24  Roach  
  111  7:26  Roach  
  117  7:30  Roach x2  
Tags
 
Add a new tag
Caveats
  • Supply blocks, unpowered buildings, or Contaminate may cause inaccurate times.
  • Supply counts are checked every 10 seconds.